AoeStats
← Saloon_F_F

Arabia

510301508Analyzed
1v1 RM · 3d ago on Sep 30, 2026· 41m 37s· 2 players
Game mode
Random Map
Map size
Tiny (2 player)
Population
200
Speed
Normal
Resources
Standard
Victory
Conquest
Starting age
Dark Age
Ending age
Imperial Age
RankedLock teamsTeams togetherTeam positionsShared explorationLock speedFull tech treeHidden civsTurbo modeCheats
Victory
Defeat
🇹🇼 Armenians · Taiwan
1670
+16
🇳🇱 Teutons · Netherlands
1661
-16
Saloon_F_F
7:21 Loom
9:45 Feudal Age
10:15 Double-Bit Axe
11:41 Wheelbarrow
14:42 Fletching
18:53 Padded Archer Armor
22:11 Castle Age
20:56 Gold Mining
21:48 Scale Barding Armor
22:48 Bodkin Arrow
22:15 Elite Skirmisher
24:30 Bow Saw
27:52 Bloodlines
31:07 Devotion
31:20 Town Watch
33:24 Chain Barding Armor
34:03 Horse Collar
39:22 Imperial Age
37:39 Forging
39:27 Cavalier
40:44 Plate Barding Armor
41:42 Hand Cart
午安小丑
6:32 Loom
9:02 Feudal Age
9:13 Man-at-Arms
14:41 Fletching
21:11 Castle Age
19:10 Double-Bit Axe
19:29 Horse Collar
20:20 Padded Archer Armor
21:53 Bodkin Arrow
21:23 Crossbowman
22:14 Town Watch
23:32 Wheelbarrow
25:04 Bow Saw
25:54 Ballistics
26:28 Gold Mining
29:56 Leather Archer Armor
36:45 Imperial Age
36:51 Imperial Age
34:44 Hand Cart
34:51 Stone Mining
35:03 Pikeman
35:44 Squires
35:46 Scale Mail Armor
37:06 Chain Mail Armor
37:38 Halberdier
39:19 Plate Mail Armor
39:00 Forging
40:19 Chemistry
40:51 Bracer
40:45 Arbalester
Connection lost

Rejoining the realm…

Still unreachable

The connection could not be restored.

Session expired

The server has moved on; the page needs a fresh start.